 Dungeon Crawl Stone Soup version 0.28-a0-925-gd5e1996cdb (webtiles) character file.

Game seed: 17997139055814074734

103 croobank the Insei (level 4, -3/28 HPs)
             Began as an Octopode Transmuter on Nov 26, 2021.
             Slain by an orc (5 damage)
             ... on level 3 of the Dungeon.
             The game lasted 00:10:07 (2381 turns).

croobank the Insei (Octopode Transmuter)            Turns: 2381, Time: 00:10:08

Health: -3/28      AC:  1    Str: 10    XL:     4   Next: 79%
Magic:  7/7        EV: 13    Int: 15    God:
Gold:   135        SH:  0    Dex: 12    Spells: 4/7 levels left

rFire   . . .      SeeInvis .   a - +1 falchion (pain)
rCold   + . .      Faith    .   (no shield)
rNeg    . . .      Spirit   .   (helmet currently unavailable)
rPois   .          Reflect  .   (no amulet)
rElec   .          Harm     .   f - ring of protection from cold
rCorr   .          Rampage  .   (no ring)
Will    .....                   (no ring)
Stlth   ++........              (no ring)
HPRegen 0.09/turn               (no ring)
MPRegen 0.10/turn               (no ring)
                                (no ring)
                                (no ring)

@: mighty, appendages (expiring)
A: tentacle spike 3, almost no armour, amphibious, 8 rings, camouflage 1,
gelatinous body 1, (nimble swimmer 1), tentacles
a: End Transformation


You were on level 3 of the Dungeon.
One of your tentacles had grown a beastly spike.
You visited 1 branch of the dungeon, and saw 3 of its levels.

You collected 135 gold pieces.

Inventory:

Hand Weapons
 a - a +1 falchion of pain (weapon)
 c - a +0 quarterstaff
 g - a +0 dagger
 k - a +0 rapier
Missiles
 b - 51 stones
 i - 10 poisoned darts
Jewellery
 f - a ring of protection from cold (left tentacle)
Scrolls
 h - a scroll of magic mapping
 m - a scroll of amnesia {unknown}
Potions
 d - a potion of magic
 e - a potion of might
 j - a potion of curing {unknown}
 l - a potion of haste {unknown}


   Skills:
 - Level 1.0 Fighting
 + Level 3.1 Long Blades
 - Level 2.1 Dodging
 - Level 0.8 Stealth
 - Level 3.5 Unarmed Combat
 - Level 2.1 Spellcasting
 - Level 2.2 Transmutations


You had 4 spell levels left.
You knew the following spells:

 Your Spells              Type           Power      Damage    Failure   Level
a - Beastly Appendage     Tmut           16%        N/A       9%          1
b - Wereblood             Tmut           8%         N/A       13%         2

Your spell library contained the following spells:

 Spells                   Type           Power      Damage    Failure   Level
 Corpse Rot               Necr/Air       2%         N/A       32%         2
 Poisonous Vapours        Pois/Air       2%         N/A       32%         2
 Sublimation of Blood     Necr           1%         N/A       32%         2
 Spider Form              Tmut/Pois      5%         N/A       38%         3
 Gell's Gravitas          Tloc           1%         N/A       54%         3
 Lesser Beckoning         Tloc           1%         N/A       54%         3
 Teleport Other           Tloc           1%         N/A       54%         3
 Ice Form                 Ice/Tmut       5%         N/A       80%         4
 Petrify                  Tmut/Erth      5%         N/A       80%         4
 Irradiate                Conj/Tmut      2%         3d14      98%         5


Dungeon Overview and Level Annotations

Branches:
Dungeon (3/15)

Altars:


Innate Abilities, Weirdness & Mutations

One of your tentacles has grown a beastly spike.
You cannot wear most types of armour.
You are amphibious.
You can wear up to eight rings at the same time.
Your skin changes colour to match your surroundings (Stealth+).
Your rubbery body absorbs attacks. (AC +1, EV +1)
((You are camouflaged near water. (Stealth+)))
You have tentacles for arms and can constrict up to eight enemies at once.


Message History

The magic dart hits you.
You hit the orc wizard. You grab the orc wizard.
You pierce the orc wizard.
The orc wizard is almost dead.
You constrict the orc wizard.
The orc wizard points at you and mumbles some strange words.
The magic dart hits you.
You hit the orc wizard.
You kill the orc wizard!
The orc barely misses you.
Your Long Blades skill increases to level 3!
The orc hits you with a +0 whip.
An orc comes into view. It is wielding a +0 flail.
Things that are here:
a +0 dagger; a +0 robe; an orc corpse You slash the orc!
You kill the orc!
The orc hits you with a +0 flail.
You completely miss the orc. You grab the orc.
Your transformation is almost over.
You constrict the orc, but do no damage.
The orc hits you with a +0 flail!
* * * LOW HITPOINT WARNING * * *
You barely miss the orc.
You constrict the orc, but do no damage.
The orc barely misses you.
You release your grip on the orc.
An orc comes into view. It is wielding a +0 dagger.
The orc hits you with a +0 flail.
* * * LOW HITPOINT WARNING * * *
Things that are here:
a +0 dagger; a +0 robe; an orc corpse The orc shouts!
It was a potion of magic.
Magic courses through your body. The orc misses you.
It was a potion of might.
You feel very mighty all of a sudden. The orc completely misses you.
The orc barely misses you.
You closely miss the orc. Your grab misses the orc.
You pierce the orc.
The orc is almost dead.
The orc hits you with a +0 flail.
You die...

#... #... . ###... .#
###..... #### #. ##.. #..
#... ###. #.. ##..
#...##.. #.# #[..
#....#.### ###.######..#
#.....)o@####...#......##
##(..).o.##..##..##...#
#.###.#....#...###.####
........................
## ####....#..#.####.####
####....#......#
#...###)##### #..## #.##
# #.... #††#


You could see 2 orcs.

Vanquished Creatures
  An orc wizard (D:3)
  An adder (D:3)
  2 worms (D:2)
  2 dart slugs (D:1)
  2 orcs (D:3)
  3 ball pythons (D:1)
  5 bats (D:1)
  6 endoplasms
  5 giant cockroaches
  10 goblins
  2 hobgoblins
  A quokka (D:2)
  3 frilled lizards
  5 kobolds
  4 rats
52 creatures vanquished.

Notes
Turn   | Place    | Note
-------+----------+-------------------------------------------
     0 | D:1      | croobank the Octopode Transmuter began the quest for the
                  | Orb.
     0 | D:1      | Reached XP level 1. HP: 13/13 MP: 3/3
   166 | D:1      | Reached XP level 2. HP: 18/18 MP: 3/5
   232 | D:1      | Learned a level 2 spell: Wereblood
   671 | D:1      | Reached XP level 3. HP: 23/23 MP: 4/6
  1138 | D:2      | Reached skill level 1 in Long Blades
  1866 | D:2      | Found a faded altar of an unknown god.
  2017 | D:3      | Reached XP level 4. HP: 8/28 MP: 7/7
  2381 | D:3      | Slain by an orc

Illustrated notes

Levels and vault maps discovered:
D:1:      matt_arrival_refuge, layout_basic, corexii_hall_statues_x,
          minmay_tetromino_l4
D:2:      layout_basic, ebering_ecumenical_altar_rust
D:3:      layout_rooms, gammafunk_ghost_mausoleum

Skill      XL: |  1  2  3  4 |
---------------+-------------+-----
Long Blades    | 2 3 |  3.1
Fighting       | |  1.0
Dodging        | |  2.1
Stealth        | |  0.8
Unarmed Combat | |  3.5
Spellcasting   | |  2.1
Transmutations | |  2.2

Action                   |  1- 3 |  4- 6 || total
-------------------------+-------+-------++-------
Melee: Unarmed           |    17 |       ||    17
       Kick              |    15 |     4 ||    19
       Constrict         |    27 |     6 ||    33
       Tentacles         |    12 |     2 ||    14
       Dagger            |    25 |       ||    25
       Punch             |     1 |       ||     1
       Falchion          |    48 |    17 ||    65
 Cast: Beastly Appendage |    15 |     4 ||    19
  Use: Scroll            |     5 |       ||     5
       Potion            |       |     2 ||     2
 Stab: Sleeping          |    10 |       ||    10
Armor: Skin              |    10 |       ||    10
Dodge: Dodged            |    49 |    13 ||    62

Table legend: (Time is in decaauts)
 A = Elapsed time spent in this place.
 B = Non-inter-level travel time spent in this place.
 C = Inter-level travel time spent in this place.
 D = Time resting spent in this place.
 E = Time spent auto-exploring this place.
 F = Levels seen in this place.
 G = Mean time per level.
                   A        B        C        D        E       F      G
               +--------+--------+--------+--------+--------+-----+--------+
         Total |   2392 |   2362 |     30 |    472 |   1379 |   3 |  797.3 |
       Dungeon |   2392 |   2362 |     30 |    472 |   1379 |   3 |  797.3 |
               +--------+--------+--------+--------+--------+-----+--------+

Top non-repeatable levels by time:
     D:2: 1076 daAuts
     D:1: 942 daAuts
     D:3: 373 daAuts
